 Dungeon Crawl Stone Soup version 0.30-a0-56-ge6a4009bfd (webtiles) character file.

Game seed: 15282305209007123325

23 pokeman the Magician (level 2, 0/16 HPs)
             Began as a Deep Elf Hedge Wizard on Sept 10, 2022.
             Killed by nerve-wracking pain
             ... invoked by Jessica
              (7 damage)
             ... on level 2 of the Dungeon.
             The game lasted 00:01:35 (1363 turns).

pokeman the Magician (Deep Elf Hedge Wizard)        Turns: 1363, Time: 00:01:36

Health: 0/16       AC: 10    Str:  7    XL:     2   Next: 72%
Magic:  10/10      EV: 11    Int: 18    God:
Gold:   16         SH:  0    Dex: 14    Spells: 10/11 levels left

rFire   . . .      SeeInvis .    f - +1 dagger (protect)
rCold   . . .      Faith    .    (no shield)
rNeg    . . .      Spirit   .    e - +0 leather armour
rPois   .          Reflect  .    c - +0 hat
rElec   .          Harm     .    (no cloak)
rCorr   .          Rampage  .    (no gloves)
Will    .....                    (no boots)
Stlth   ++........               (no amulet)
HPRegen 0.05/turn                (no ring)
MPRegen 0.12/turn                (no ring)

@: under a protective aura
A: no striking features
a: no special abilities


You were on level 2 of the Dungeon.
You visited 1 branch of the dungeon, and saw 2 of its levels.

You collected 16 gold pieces.

Inventory:

Hand Weapons
 f - a +1 dagger of protection (weapon)
Armour
 c - a +0 hat (worn)
 e - a +0 leather armour (worn)
Scrolls
 h - a scroll of fear {unknown}
 i - a scroll of identify {unknown}
 j - 2 scrolls of butterflies {unknown}
 k - 2 scrolls of teleportation {unknown}
Potions
 a - a potion of heal wounds {unknown}
 b - a potion of curing {unknown}
 d - a potion of magic
 g - a potion of brilliance {unknown}


   Skills:
 + Level 0.6 Fighting
 + Level 0.6 Armour
 - Level 2.4 Dodging
 - Level 2.4 Stealth
 * Level 5.0 Spellcasting
 + Level 1.6 Conjurations
 - Level 1.1 Summonings
 - Level 1.1 Translocations


You had 10 spell levels left.
You knew the following spells:

 Your Spells              Type           Power      Damage    Failure   Level
a - Magic Dart            Conj           40%        1d5       10%         1

Your spell library contained the following spells:

 Spells                   Type           Power      Damage    Failure   Level
 Slow                     Hex            16%        N/A       19%         1
 Blink                    Tloc           16%        N/A       19%         2
 Call Imp                 Summ           8%         N/A       19%         2
 Conjure Flame            Conj/Fire      7%         6-21      38%         3
 Mephitic Cloud           Conj/Pois/Air  6%         N/A       43%         3


Dungeon Overview and Level Annotations

Branches:
Dungeon (2/15)

Altars:

Annotations:
D:2 Jessica


Message History

Jessica blinks!
The giant cockroach bites you but does no damage.
You barely miss the giant cockroach.
The giant cockroach is heavily wounded.
The giant cockroach misses you.
You hit the giant cockroach but do no damage.
The giant cockroach is heavily wounded.
The giant cockroach closely misses you.
You barely miss the giant cockroach.
The giant cockroach is heavily wounded.
The giant cockroach bites you but does no damage.
You hit the giant cockroach.
The giant cockroach is severely wounded.
The giant cockroach bites you but does no damage.
The giant cockroach misses you.
You barely miss the giant cockroach.
The giant cockroach is severely wounded.
Jessica mumbles some strange words.
Jessica blinks!
The giant cockroach barely misses you.
You hit the giant cockroach but do no damage.
The giant cockroach is severely wounded.
The giant cockroach closely misses you.
The giant cockroach attacks as you move away!
The giant cockroach bites you but does no damage.
The giant cockroach bites you but does no damage.
The giant cockroach attacks as you move away!
The giant cockroach bites you but does no damage.
Jessica gestures wildly while chanting.
Jessica blinks!
The giant cockroach closely misses you. Jessica attacks as you move away!
Jessica barely misses you. The giant cockroach bites you.
Jessica hits you with a +2 dagger of protection.
The giant cockroach closely misses you.
You hit the giant cockroach.
Your weapon exudes an aura of protection.
You kill the giant cockroach!
Jessica points at you and mumbles some strange words.
Pain shoots through your body!
You die...

#................
####.)....#....#....
#..).................
#.♣♣♣.♣..............
PP.♣....#.........
..P.♣....#.........
#....P♣....#.........
##♣.♣♣♣###@##........
######..###.@)........
#....#...#####).......
##...#..............
#....###.....#.#..##
###..##......#......
##
#....#......#@......
#.
####..........#.♣♣.♣
#.# #.....#.......#.♣
♣ #..
###.............♣


You could see Jessica (fast).

Vanquished Creatures
  A dart slug (D:1)
  A ball python (D:1)
  2 bats (D:2)
  A giant cockroach (D:2)
  5 goblins
  2 hobgoblins (D:1)
  2 kobolds
  2 quokkas
  2 rats
18 creatures vanquished.

Notes
Turn   | Place    | Note
-------+----------+-------------------------------------------
     0 | D:1      | pokeman the Deep Elf Hedge Wizard began the quest for the
                  | Orb.
     0 | D:1      | Reached XP level 1. HP: 10/10 MP: 7/7
   106 | D:1      | Found a faded altar of an unknown god.
   586 | D:1      | Reached XP level 2. HP: 16/16 MP: 7/9
  1194 | D:2      | Reached skill level 5 in Spellcasting
  1323 | D:2      | Noticed Jessica
  1363 | D:2      | Killed from afar by Jessica

Illustrated notes

Levels and vault maps discovered:
D:1:      amcnicky_arrival_flooded_fountain, layout_basic,
          chequers_ecumenical_altar_simple_redux, grunt_decor_junction
D:2:      layout_rooms, serial_forest, infiniplex_forest_straight_3,
          infiniplex_forest_corner_2, infiniplex_forest_corner_1,
          infiniplex_forest_straight_4, infiniplex_forest_end_2,
          minmay_worlds_worst_comb, uniq_jessica

Skill      XL: |  1  2 |
---------------+-------+-----
Spellcasting   | 5 |  5.0
Fighting       | |  0.6
Armour         | |  0.6
Dodging        | |  2.4
Stealth        | |  2.4
Conjurations   | |  1.6
Summonings     | |  1.1
Translocations | |  1.1

Action                   || total
-------------------------++-------
Melee: Dagger            ||    12
 Cast: Magic Dart        ||    45
Armor: Leather armour    ||    10
Dodge: Dodged            ||    17

Table legend: (Time is in decaauts)
 A = Elapsed time spent in this place.
 B = Non-inter-level travel time spent in this place.
 C = Inter-level travel time spent in this place.
 D = Time resting spent in this place.
 E = Time spent auto-exploring this place.
 F = Levels seen in this place.
 G = Mean time per level.
                   A        B        C        D        E       F      G
               +--------+--------+--------+--------+--------+-----+--------+
         Total |   1362 |   1355 |      7 |      0 |   1203 |   2 |  681.0 |
       Dungeon |   1362 |   1355 |      7 |      0 |   1203 |   2 |  681.0 |
               +--------+--------+--------+--------+--------+-----+--------+

Top non-repeatable levels by time:
     D:1: 1081 daAuts
     D:2: 280 daAuts
